 Dungeon Crawl Stone Soup version 0.25-a0-591-g2ad0d861f1 (webtiles) character file.

Game seed: 2142212663527691196, levelgen mode: deterministic

30 Emblim88 the Skirmisher (level 3, -8/35 HPs)
             Began as a Gnoll Abyssal Knight on Mar 14, 2020.
             Was an Initiate of Qazlal.
             Mangled by a small abomination (9 damage)
             ... created by the touch of Lugonu
             ... on level 2 of the Dungeon.
             The game lasted 00:04:00 (1322 turns).

Emblim88 the Skirmisher (Gnoll Abyssal Knight)      Turns: 1322, Time: 00:04:00

Health: -8/35      AC: 13    Str: 15    XL:     3   Next: 20%
Magic:  6/6        EV:  5    Int: 14    God:    Qazlal [......]
Gold:   140        SH:  0    Dex: 14    Spells: 3/3 levels left

rFire    . . .     SeeInvis .   a - +1 falchion
rCold    + . .     Gourm    +   (no shield)
rNeg     . . .     Faith    .   h - +0 plate armour
rPois    .         Spirit   .   (no helmet)
rElec    .         Reflect  .   o - +0 cloak
rCorr    .         Harm     .   (no gloves)
MR       .....                  (no boots)
Stlth    ..........             l - amulet of the gourmand
HPRegen  0.11/turn              i - ring of protection from cold
MPRegen  0.10/turn              (no ring)

@: no status effects
A: distributed training, fangs 1, strong nose
a: Renounce Religion


You were on level 2 of the Dungeon.
You worshipped Qazlal.
Qazlal was noncommittal.
You were full.

You visited 1 branch of the dungeon, and saw 2 of its levels.
You visited the Abyss 1 time.

You collected 140 gold pieces.

Inventory:

Hand Weapons
 a - a +1 falchion (weapon)
Armour
 b - a +0 leather armour
 h - a +0 plate armour (worn)
 o - a +0 cloak (worn)
Jewellery
 i - a ring of protection from cold (left hand)
 l - an amulet of the gourmand (around neck)
Scrolls
 d - a scroll of immolation {unknown}
 e - a scroll of identify {unknown}
 f - 2 scrolls of amnesia {unknown}
 j - 4 scrolls of teleportation {unknown}
 m - a scroll of enchant armour {unknown}
 n - a scroll of remove curse {unknown}
Potions
 g - a potion of lignification {unknown}
 k - a potion of mutation {unknown}
 p - a potion of flight {unknown}
Comestibles
 c - 4 rations


   Skills:
 + Level 6.5 Fighting
 + Level 0.6 Short Blades
 + Level 4.5 Long Blades
 + Level 0.6 Axes
 + Level 0.6 Maces & Flails
 + Level 0.6 Polearms
 + Level 0.6 Staves
 + Level 0.6 Slings
 + Level 0.6 Bows
 + Level 0.6 Crossbows
 + Level 0.6 Throwing
 + Level 4.5 Armour
 + Level 2.5 Dodging
 + Level 0.6 Stealth
 + Level 0.6 Shields
 + Level 0.6 Unarmed Combat
 + Level 0.6 Spellcasting
 + Level 0.4 Conjurations
 + Level 0.4 Hexes
 + Level 0.4 Charms
 + Level 0.4 Summonings
 + Level 0.4 Necromancy
 + Level 0.4 Translocations
 + Level 0.4 Transmutations
 + Level 0.4 Fire Magic
 + Level 0.4 Ice Magic
 + Level 0.4 Air Magic
 + Level 0.4 Earth Magic
 + Level 0.4 Poison Magic
 + Level 4.5 Invocations
 + Level 0.6 Evocations


You had 3 spell levels left.
You didn't know any spells.
Your spell library was empty.

Dungeon Overview and Level Annotations

Branches:
Dungeon (2/15)

Altars:
Dithmenos
Qazlal
Sif Muna
Trog


Innate Abilities, Weirdness & Mutations

Your experience applies equally to all skills.
You have very sharp teeth.
Your uncanny sense of smell can sniff out nearby items.


Message History

The small abomination hits you.
* * * LOW HITPOINT WARNING * * *
You hit the small abomination but do no damage.
The small abomination is lightly damaged.
The small abomination hits you.
* * * LOW HITPOINT WARNING * * *
You hit the small abomination but do no damage.
The small abomination is lightly damaged.
The small abomination hits you but does no damage.
You hit the small abomination.
The small abomination is moderately damaged.
The small abomination hits you but does no damage.
You hit the small abomination but do no damage.
You bite the small abomination, but do no damage.
The small abomination is moderately damaged.
The small abomination hits you but does no damage.
You hit the small abomination. Your bite misses the small abomination.
The small abomination is heavily damaged.
The small abomination hits you!
You die...

...#..#.##.##<.....#.....#
###
...................#.....#
..##..........รท....#.....#
#.......##......##....##.#
......#.##......##.#..##.#
.........#......##.#..##.#
.........##...............
#.##.............x....##.#
#.#..##..#..##..@.....# #
#...##..###..##...........
...# #..# #..###.......#.#
... #.## ##.# #.).......#
#. ## ## #..........
#.......#.# ..###...#.# ..#
...#


You could see a small abomination.

Vanquished Creatures
  An adder (D:2)
  A leopard gecko (D:1)
  4 bats
  A giant cockroach (D:1)
  2 goblins
  2 hobgoblins
  3 frilled lizards
  5 kobolds
  5 rats
24 creatures vanquished.

Notes
Turn   | Place    | Note
-------+----------+-------------------------------------------
     0 | Abyss:1  | Emblim88 the Gnoll Abyssal Knight began the quest for the
                  | Orb.
     0 | Abyss:1  | Reached XP level 1. HP: 23/23 MP: 3/3
    43 | Abyss:1  | Noticed a white very ugly thing
    46 | Abyss:1  | Noticed a small abomination
    49 | D:1      | Escaped the Abyss
   178 | D:1      | Reached * piety under Lugonu
   234 | D:1      | Reached XP level 2. HP: 29/29 MP: 5/5
   969 | D:2      | Found a shimmering blue altar of Sif Muna.
  1230 | D:2      | Reached XP level 3. HP: 29/35 MP: 6/6
  1237 | D:2      | Found a stormy altar of Qazlal.
  1238 | D:2      | Found a bloodstained altar of Trog.
  1240 | D:2      | Found a shadowy altar of Dithmenos.
  1243 | D:2      | Fell from the grace of Lugonu
  1243 | D:2      | Became a worshipper of Qazlal Stormbringer
  1311 | D:2      | Noticed a small abomination
  1318 | D:2      | HP: 1/35 [small abomination[the touch of Lugonu] (4)]
  1322 | D:2      | Mangled by a small abomination

Levels and vault maps discovered:
D:1:      minmay_arrival_doors, layout_basic, serial_co_window_serial,
          co_window_corner_a, co_window_paths_a, co_window_cross_1,
          co_window_corner_a, co_window_paths_a, co_window_corner_a,
          co_window_paths_a, co_window_unsneaky_path_e, co_window_paths_c,
          co_window_broadway_c, skrybe_limestone_x
D:2:      layout_basic, nicolae_overflow_crystal_walls,
          grunt_temple_overflow_open, gammafunk_temple_overflow_claw

Action                   || total
-------------------------++-------
Melee: Falchion          ||    73
       Bite              ||     8
Invok: Depart the Abyss  ||     1
  Eat: Chunk             ||     6
Armor: Plate armour      ||    43
       Leather armour    ||     1
Dodge: Dodged            ||    15
       Rpst.: Falchion   ||     5

Table legend:
 A = Non-vault XP
 B = Vault XP
 C = Vault XP percentage of total XP
 D = Non-vault monster count
 E = Vault monster count
 F = Vault count percentage of total count
                 A         B        C        D         E       F
            +---------+---------+-------+---------+---------+-------
      Total |      44 |       0 |   0.0 |      24 |       0 |   0.0
            +---------+---------+-------+---------+---------+-------
        D:1 |      19 |       0 |   0.0 |      13 |       0 |   0.0
        D:2 |      25 |       0 |   0.0 |      11 |       0 |   0.0
            +---------+---------+-------+---------+---------+-------
